 Dungeon Crawl Stone Soup version 0.32-a0-705-g60f233581c (webtiles) character file.

Game seed: 8241851905142641780

161 porpoise the Poker (level 5, 0/39 (41) HPs)
             Began as a Demonspawn Gladiator on Mar 15, 2024.
             Slain by a wight
             ... wielding a +0 scimitar
              (8 damage)
             ... on level 4 of the Dungeon.
             The game lasted 00:08:37 (1979 turns).

porpoise the Poker (Demonspawn Gladiator)           Turns: 1979, Time: 00:08:37

HP:   0/39 (41)     AC:  5    Str: 16    XL:     5   Next: 19%
MP:   5/5           EV: 10    Int:  8    God:
Gold: 147           SH:  4    Dex: 17    Spells: 4/4 levels left

rFire   + . .        a - +1 trident (freeze)
rCold   + . .        u - +0 buckler
rNeg    + . .        h - +0 ring mail
rPois   .            (helmet restricted)
rElec   .            g - scarf {rC+ rF+}
rCorr   .            (no gloves)
SInv    .            (no boots)
Will    .....        (no amulet)
Stlth   ++           s - ring of positive energy
HPRegen 0.26/turn    (no ring)
MPRegen 0.09/turn

%: no passive effects
@: lightly drained
A: antennae 1, thin skeletal structure 1, spiny 1
a: no special abilities


You were on level 4 of the Dungeon.
You visited 1 branch of the dungeon, and saw 4 of its levels.

You collected 147 gold pieces.

Inventory:

Hand Weapons
 a - a +1 trident of freezing (weapon)
Missiles
 d - 3 throwing nets (quivered)
 e - a javelin
 i - 2 poisoned darts
 q - a boomerang
Armour
 g - a scarf of resistance (worn)
 h - a +0 ring mail (worn)
 u - a +0 buckler (worn)
Jewellery
 s - a ring of positive energy (left hand)
Scrolls
 b - 2 scrolls of teleportation
 o - a scroll of noise {unknown}
 r - 2 scrolls of fear
 v - a scroll of brand weapon
Potions
 c - a potion of curing
 k - a potion of brilliance
 p - a potion of cancellation
 t - a potion of invisibility {unknown}


   Skills:
 + Level 3.4 Fighting
 * Level 4.5 Polearms
 - Level 1.7 Throwing
 - Level 2.6 Dodging
 + Level 0.8 Shields


You had 4 spell levels left.
You didn't know any spells.
Your spell library contained the following spells:

 Spells                   Type           Power      Damage    Failure   Level
 Tukima's Dance           Hex            0%         N/A       98%         3
 Dimensional Bullseye     Hex/Tloc       0%         N/A       100%        4
 Iskenderun's Mystic Bla  Conj/Tloc      0%         2d3       100%        4


Dungeon Overview and Level Annotations

Branches:
Dungeon (4/15)
 Temple: D:4-7

Altars:

Shops:
D:4 (

Portals:
Ossuary: D:4


Innate Abilities, Weirdness & Mutations

You have a pair of small antennae on your head.
You have a somewhat thin skeletal structure. (Dex +2, Stealth+)
You are partially covered in sharp spines.


Message History

Your life force feels restored.
You have reached level 5!
You reach to attack!
You closely miss the wight. You closely miss the wight.
You hear the slow hiss of an avalanche of sand.
You hear the slow rusting of a very distant drain.
The wight hits you but does no damage.
You hit the wight but do no damage. The wight barely misses you.
You hit the wight.
The wight is moderately damaged.
The wight is struck by your spines. The wight barely misses you.
You hit the wight but do no damage.
The wight is heavily damaged.
You block the wight's attack. x2
You hit the wight but do no damage.
The wight is heavily damaged.
The wight barely misses you.
You closely miss the wight.
The wight is heavily damaged.
You block the wight's attack.
You hit the wight but do no damage.
The wight is heavily damaged.
The wight hits you with a +0 scimitar. You partially resist.
You feel drained.
You hit the wight.
The wight is severely damaged.
The wight hits you with a +0 scimitar!
You are too injured to fight recklessly!
You are too injured to fight recklessly!
You barely miss the wight.
The wight is severely damaged.
The wight hits you with a +0 scimitar!
* * * LOW HITPOINT WARNING * * *
You partially resist.
You feel drained.
You hit the wight but do no damage.
The wight is severely damaged.
The wight closely misses you.
You barely miss the wight.
The wight is severely damaged.
You block the wight's attack. The wight hits you with a +0 scimitar!
You die...

...........######.#
.##..#####z..z....#
.##..############.#
........# #.##
###(.†#.# #..#
........###* ##.#
###.....#.+***####)#
* ##.#....#,,,#?.z##
* #.#...##,>,#.@.# *
#...[.##...#...# *
#.....##########
####.....##...#.,,*
#####...###.>.#.>,*
..>.....###...#.,,**
........##+##*####+#
#####..###..#####..#
.......####.......##


You could see a wight.

Vanquished Creatures
  A wight (D:4)
  3 adders (D:2)
  2 dart slugs
  3 orcs (D:3)
  6 bats
  7 endoplasms
  3 giant cockroaches
  8 hobgoblins
  2 jackals (D:4)
  7 kobolds
  3 quokkas
  7 ball pythons
  4 frilled lizards
  8 goblins
  4 rats
68 creatures vanquished.

Notes
Turn   | Place    | Note
-------+----------+-------------------------------------------
     0 | D:1      | porpoise the Demonspawn Gladiator began the quest for the
                  | Orb.
     0 | D:1      | Reached XP level 1. HP: 16/16 MP: 1/1
   119 | D:1      | Reached skill level 3 in Polearms
   158 | D:1      | Gained mutation: You are partially covered in sharp spines.
                  | [demonic ancestry]
   158 | D:1      | Reached XP level 2. HP: 22/22 MP: 2/2
   464 | D:1      | Gained mutation: You have a pair of small antennae on your
                  | head. [demonic ancestry]
   464 | D:1      | Reached XP level 3. HP: 28/28 MP: 3/3
   820 | D:2      | HP: 1/28 [poisoned by a kobold]
  1025 | D:2      | Found a faded altar of an unknown god.
  1101 | D:2      | Reached skill level 4 in Polearms
  1101 | D:2      | Gained mutation: You have a somewhat thin skeletal
                  | structure. (Dex +2, Stealth+) [demonic ancestry]
  1101 | D:2      | Reached XP level 4. HP: 33/35 MP: 4/4
  1867 | D:4      | Found Loebaos Riy's Antique Weapon Shop.
  1959 | D:4      | Found a sand-covered staircase.
  1968 | D:4      | Reached XP level 5. HP: 29/41 MP: 5/5
  1979 | D:4      | Slain by a wight

Illustrated notes

Levels and vault maps discovered:
D:1:      reono_arrival_forest_river, layout_loops_ring, serial_rivers,
          chequers_serial_rivers_small_b, chequers_serial_rivers_marsh,
          chequers_serial_rivers_micro_c, chequers_serial_rivers_micro_e,
          nicolae_figureground_sparkle
D:2:      layout_rooms, nicolae_ecumenical_lake_church
D:3:      layout_basic
D:4:      layout_loops_ring, cheibrodos_sewer_entry_bend,
          nicolae_ossuary_entry_false_entrances, serial_shops, shop,
          kennysheep_generic_room_15, uniq_sigmund

Skill      XL: |  1  2  3 |
---------------+----------+-----
Polearms       | 3 4 |  4.5
Fighting       | 3 |  3.4
Throwing       | |  1.7
Dodging        | |  2.6
Shields        | |  0.8

Action                     |  1- 3 |  4- 6 || total
---------------------------+-------+-------++-------
  Melee: Trident           |   101 |    61 ||   162
  Throw: Throwing net      |     2 |       ||     2
    Use: Scroll            |       |    11 ||    11
   Stab: Sleeping          |       |     1 ||     1
 Armour: Leather armour    |    19 |       ||    19
         Ring mail         |    19 |    25 ||    44
  Dodge: Dodged            |    33 |    16 ||    49
  Block: Buckler           |       |     4 ||     4

Table legend: (Time is in decaauts)
 A = Elapsed time spent in this place.
 B = Non-inter-level travel time spent in this place.
 C = Inter-level travel time spent in this place.
 D = Time resting spent in this place.
 E = Time spent auto-exploring this place.
 F = Levels seen in this place.
 G = Mean time per level.
                   A        B        C        D        E       F      G
               +--------+--------+--------+--------+--------+-----+--------+
         Total |   2004 |   1866 |    138 |    281 |   1022 |   4 |  501.0 |
       Dungeon |   2004 |   1866 |    138 |    281 |   1022 |   4 |  501.0 |
               +--------+--------+--------+--------+--------+-----+--------+

Top non-repeatable levels by time:
     D:1: 731 daAuts
     D:2: 639 daAuts
     D:3: 507 daAuts
     D:4: 125 daAuts
